 Dungeon Crawl Stone Soup version 0.23-a0-635-g88ca12a7de (webtiles) character file.

10 GordonOverkill the Vexing (level 2, -2/23 HPs)
             Began as a Demigod Wanderer on Dec 27, 2018.
             Slain by a leopard gecko (4 damage)
             ... on level 1 of the Dungeon.
             The game lasted 00:02:11 (528 turns).

GordonOverkill the Vexing (Demigod Wanderer)         Turns: 528, Time: 00:02:12

Health: -2/23      AC:  2    Str: 15    XL:     2   Next: 0%
Magic:  8/8        EV: 11    Int: 18    God:
Gold:   40         SH:  0    Dex: 13    Spells: 6/6 levels left

rFire    . . .     SeeInvis .   e - +0 club
rCold    . . .     Gourm    .   (no shield)
rNeg     . . .     Faith    .   d - +0 robe
rPois    .         Spirit   .   (no helmet)
rElec    .         Reflect  .   (no cloak)
rCorr    .         Harm     .   (no gloves)
MR       .....                  (no boots)
Stlth    +.........             (no amulet)
HPRegen  0.07/turn              (no ring)
MPRegen  0.11/turn              (no ring)

@: no status effects
A: high mp 1
a: no special abilities


You were on level 1 of the Dungeon.
You were not hungry.

You visited 1 branch of the dungeon, and saw 1 of its levels.

You collected 40 gold pieces.

Inventory:

Hand Weapons
 e - a +0 club (weapon)
Armour
 d - a +0 robe (worn)
Jewellery
 g - an uncursed ring of magical power {unknown}
Scrolls
 a - 2 scrolls of teleportation {unknown}
Potions
 c - a potion of curing
 h - a potion of ambrosia {unknown}
Comestibles
 b - a chunk of flesh
 f - a ration


   Skills:
 + Level 1.0 Fighting
 - Level 1.7 Throwing
 + Level 1.0 Armour
 - Level 2.6 Spellcasting
   Level 1.0 Conjurations
   Level 2.6 Hexes
   Level 1.0 Poison Magic


You had 6 spell levels left.
You didn't know any spells.
Your spell library contained the following spells:

 Spells                   Type           Power        Failure   Level  Hunger
 Corona                   Hex            ##.....      5%          1    #......
 Shock                    Conj/Air       #...         14%         1    #......
 Ensorcelled Hibernation  Hex/Ice        #.....       14%         2    ##.....
 Confuse                  Hex            ##......     17%         3    ###....
 Tukima's Dance           Hex            ##......     17%         3    ###....
 Dazzling Spray           Conj/Hex       #.....       24%         3    ###....
 Static Discharge         Conj/Air       #.......     38%         3    ###....


Dungeon Overview and Level Annotations

Branches:
Dungeon (1/15)


Innate Abilities, Weirdness & Mutations

You have an increased reservoir of magic. (+10% MP)


Message History

You miss the leopard gecko.
The leopard gecko is moderately wounded.
The leopard gecko bites you.
A goblin comes into view. It is wielding a +0 club.
The hobgoblin hits you with a +0 club. The leopard gecko bites you.
The goblin shouts!
The frilled lizard hisses angrily.
The leopard gecko completely misses you.
The leopard gecko closely misses you.
You miss the leopard gecko.
The leopard gecko is moderately wounded.
The leopard gecko closely misses you.
You hit the leopard gecko but do no damage.
The leopard gecko is moderately wounded.
The leopard gecko bites you.
* * * LOW HITPOINT WARNING * * *
The goblin hits you with a +0 club.
* * * LOW HITPOINT WARNING * * *
The leopard gecko bites you.
You die...

+...).###########..##
#..........#........#
####.....(#........#
#......#..)...).##
#......#.........#
#####......#.........##
#.....g....#..........##
#....###lg((...#####.>..
#....##@.#####((## #####
.......#g.#.....#..##
####'##l.#.......#..##
.....#....<....#..#
g#.....#.......#..##
(........#.....#...#
.#.####..#####....# ..
##.......#.######.
#####............


You could see a leopard gecko, 2 goblins and a frilled lizard.

Vanquished Creatures
  A bat (D:1)
  3 goblins (D:1)
  3 kobolds (D:1)
  A frilled lizard (D:1)
  A rat (D:1)
9 creatures vanquished.

Notes
Turn   | Place    | Note
-------+----------+-------------------------------------------
     0 | D:1      | GordonOverkill the Demigod Wanderer began the quest for the
                  | Orb.
     0 | D:1      | GordonOverkill set off with the following items: a potion
                  | of curing, a +0 robe, a +0 club, a ration; and the
                  | following spells available to memorise: Corona, Shock,
                  | Ensorcelled Hibernation, Confuse, Tukima's Dance, Dazzling
                  | Spray, Static Discharge
     0 | D:1      | Reached XP level 1. HP: 14/14 MP: 6/6
   209 | D:1      | Reached skill level 1 in Fighting
   310 | D:1      | Reached skill level 1 in Armour
   343 | D:1      | Reached XP level 2. HP: 11/23 MP: 8/8
   528 | D:1      | Slain by a leopard gecko

Vault maps used:
D:1:      scummos_arrival_hexagon

Skill      XL: |  1 |
---------------+----+-----
Fighting       | 1 |  1.0
Armour         | 1 |  1.0
Throwing       | |  1.7
Spellcasting   | |  2.6
Conjurations   | |  1.0
Hexes          | |  2.6
Poison Magic   | |  1.0

Action                   || total
-------------------------++-------
Melee: Club              ||    42
Armor: Robe              ||     9
Dodge: Dodged            ||    32

Table legend:
 A = Non-vault XP
 B = Vault XP
 C = Vault XP percentage of total XP
 D = Non-vault monster count
 E = Vault monster count
 F = Vault count percentage of total count
                 A         B        C        D         E       F
            +---------+---------+-------+---------+---------+-------
      Total |      15 |       0 |   0.0 |       9 |       0 |   0.0
            +---------+---------+-------+---------+---------+-------
        D:1 |      15 |       0 |   0.0 |       9 |       0 |   0.0
            +---------+---------+-------+---------+---------+-------
